 Dungeon Crawl Stone Soup version 0.26.1-11-gd32895ea62 (webtiles) character file.

Game seed: 13740137255259716138

125 Amplified the Skirmisher (level 4, -4/37 HPs)
             Began as a Mummy Fighter on July 2, 2021.
             Slain by Crazy Yiuf
             ... wielding a +2 quarterstaff of chaos
              (5 damage)
             ... while paralysed by Crazy Yiuf
             ... on level 2 of the Dungeon.
             The game lasted 00:01:56 (1986 turns).

Amplified the Skirmisher (Mummy Fighter)            Turns: 1986, Time: 00:01:56

Health: -4/37      AC:  7    Str: 19    XL:     4   Next: 82%
Magic:  4/4        EV:  2    Int:  8    God:
Gold:   102        SH:  0    Dex: 11    Spells: 3/3 levels left

rFire    x . .     SeeInvis .   a - +0 war axe
rCold    + . .     Faith    .   c - +0 kite shield
rNeg     + + +     Spirit   .   b - +0 scale mail
rPois    ∞         Reflect  .   d - +0 helmet
rElec    .         Harm     .   (no cloak)
rCorr    .         Rampage  .   (no gloves)
Will     .....                  (no boots)
Stlth    ..........             (no amulet)
HPRegen  0.12/turn              (no ring)
MPRegen  0.09/turn              (no ring)

@: paralysed, slowed
A: no potions, fire vulnerability, cold resistance 1, negative energy resistance
3, torment resistance, unbreathing
a: no special abilities


You were on level 2 of the Dungeon.
You visited 1 branch of the dungeon, and saw 2 of its levels.

You collected 102 gold pieces.

Inventory:

Hand Weapons
 a - a +0 war axe (weapon)
Missiles
 f - 13 poisoned darts (quivered)
Armour
 b - a +0 scale mail (worn)
 c - a +0 kite shield (worn)
 d - a +0 helmet (worn)


   Skills:
 * Level 3.9 Fighting
 * Level 2.5 Axes
 + Level 2.7 Armour
 * Level 3.2 Shields


You had 3 spell levels left.
You didn't know any spells.
Your spell library was empty.

Dungeon Overview and Level Annotations

Branches:
Dungeon (2/15)

Altars:
Elyvilon
Qazlal

Annotations:
D:2 Crazy Yiuf


Innate Abilities, Weirdness & Mutations

You do not drink.
Your flesh is vulnerable to fire.
You are immune to poison.
Your flesh is cold resistant. (rC+)
You are immune to negative energy. (rN+++)
You are immune to unholy pain and torment.
You can survive without breathing.


Message History

Unknown command.
Sorry, you're not good enough to have a special ability.
Unknown command.
Crazy Yiuf whimpers, "Two infinity return to song!"
Throw: 14 darts (poison)
Press: ? - help, Q - select action Shift-Dir - straight line, f/p - Crazy Yiuf
Aim: Crazy Yiuf, wielding a +2 quarterstaff of chaos and wearing a +0 cloak (60% to hit)
You throw a poisoned dart.
The poisoned dart barely misses Crazy Yiuf.
You block Crazy Yiuf's attack.
Crazy Yiuf hits you with a +2 quarterstaff of chaos.
* * * LOW HITPOINT WARNING * * *
You suddenly lose the ability to move!
Crazy Yiuf hits you with a +2 quarterstaff of chaos.
* * * LOW HITPOINT WARNING * * *
You convulse.
* * * LOW HITPOINT WARNING * * *
Crazy Yiuf whimpers, "Goldfish!
Key sing canine."
Crazy Yiuf hits you with a +2 quarterstaff of chaos.
You die...

#......#
#..#...#..
#....###
#.#.....#.
#....#
#........#
♣....♣
#.#.....#.
♣♣..)♣
#..#...#..
♣♣)♣♣
#...###...
♣♣.♣
#..#..#..#
♣)♣♣
#.#...###.
♣♣@♣
#....#..#.
♣g♣♣
#...#...#.
#(#
#......#.#
.).
#.....#...
#...#
#.........
#)..#
##.###.###
#####
#........
#########


You could see Crazy Yiuf.

Vanquished Creatures
  A bullfrog skeleton (D:2)
  Robin (D:2)
  2 adders (D:2)
  An ooze (D:1)
  2 dart slugs (D:1)
  A leopard gecko (D:1)
  5 giant cockroaches
  11 goblins
  7 hobgoblins
  4 jackals (D:2)
  A quokka (D:2)
  5 bats
  6 frilled lizards
  5 kobolds (D:1)
  5 rats
57 creatures vanquished.

Vanquished Creatures (others)
  3 plants (D:2)
3 creatures vanquished.

Grand Total: 60 creatures vanquished

Notes
Turn   | Place    | Note
-------+----------+-------------------------------------------
     0 | D:1      | Amplified the Mummy Fighter began the quest for the Orb.
     0 | D:1      | Reached XP level 1. HP: 18/18 MP: 1/1
   134 | D:1      | Reached XP level 2. HP: 20/24 MP: 2/2
   524 | D:1      | Reached XP level 3. HP: 29/29 MP: 3/3
   968 | D:2      | Found a white marble altar of Elyvilon.
  1296 | D:2      | Noticed Robin
  1297 | D:2      | Reached XP level 4. HP: 36/36 MP: 4/4
  1338 | D:2      | Killed Robin
  1914 | D:2      | Found a stormy altar of Qazlal.
  1975 | D:2      | Found a runed translucent door.
  1976 | D:2      | Noticed Crazy Yiuf
  1984 | D:2      | Paralysed by Crazy Yiuf for 7 turns
  1985 | D:2      | HP: 1/37 [Crazy Yiuf/+2 quarterstaff of chaos (1)]
  1986 | D:2      | Slain by Crazy Yiuf

Illustrated notes

Levels and vault maps discovered:
D:1:      nzn_arrival_depleted_hourglass, layout_loops_ring
D:2:      layout_basic, elyvilon_altar_5, kennysheep_cluttered_room,
          minmay_splitting_lines, serial_bayou_lagoon_a,
          nicolae_qazlal_eye_of_the_storm, uniq_robin, uniq_crazy_yiuf_cottage

Skill      XL: |  1  2  3 |
---------------+----------+-----
Axes           | 2 |  2.5
Shields        | 3 |  3.2
Fighting       | |  3.9
Armour         | |  2.7

Action                   |  1- 3 |  4- 6 || total
-------------------------+-------+-------++-------
Melee: War axe           |   117 |    51 ||   168
Throw: Dart              |       |     2 ||     2
  Use: Scroll            |     1 |       ||     1
Armor: Scale mail        |    69 |    22 ||    91
Dodge: Dodged            |    39 |    12 ||    51
Block: Kite shield       |    75 |    22 ||    97
